 Dungeon Crawl Stone Soup version 0.31-a0-692-gf03d1854d5 (webtiles) character file.

Game seed: 3247523360824013093

96 qw the Shooter (level 4, -20/28 HPs)
             Began as a Gargoyle Hunter on Sept 6, 2023.
             Demolished by an ogre
             ... wielding a +0 giant club
              (25 damage)
             ... on level 3 of the Dungeon.
             The game lasted 00:00:39 (1211 turns).

qw the Shooter (Gargoyle Hunter)                    Turns: 1211, Time: 00:00:39

Health: -20/28     AC:  8    Str: 15    XL:     4   Next: 67%
Magic:  4/4        EV: 11    Int: 12    God:
Gold:   94         SH:  0    Dex: 15    Spells: 3/3 levels left

rFire   . . .        Y - +0 shortbow
rCold   . . .        (shield currently unavailable)
rNeg    + . .        d - +0 ring mail
rPois   inf          (no helmet)
rElec   +            (no cloak)
rCorr   .            (no gloves)
SInv    .            (no boots)
Will    +....        a - amulet of regeneration
Stlth   +            b - ring "Xioczuku" {Will+ Int+3}
HPRegen 1.04/turn    (no ring)
MPRegen 0.09/turn

%: no passive effects
@: very slow
A: sickness immunity, AC +3, negative energy resistance 1, electricity
resistance, torment resistance 1, petrification resistance
a: no special abilities


You were on level 3 of the Dungeon.
You visited 1 branch of the dungeon, and saw 3 of its levels.

You collected 94 gold pieces.


Innate Abilities, Weirdness & Mutations

You are immune to sickness and miasma.
Your stone body is resilient. (AC +3)
You are immune to poison.
You resist negative energy. (rN+)
You are resistant to electric shocks. (rElec)
You are resistant to unholy torment.
You are immune to petrification.


   Skills:
 - Level 3.1 Fighting
 + Level 5.2 Ranged Weapons
 - Level 1.4 Armour
 - Level 1.5 Dodging
 - Level 1.1 Stealth


You had 3 spell levels left.
You didn't know any spells.
Your spell library was empty.

Inventory:

Hand Weapons
 Y - a +0 shortbow (weapon)
Armour
 d - a +0 ring mail (worn)
Jewellery
 a - an amulet of regeneration (around neck)
 b - the ring "Xioczuku" (left hand) {Will+ Int+3}
   (You found it on level 2 of the Dungeon)

   [ring of willpower]

   Int+3:     It affects your intelligence (+3).
   Will+:     It increases your willpower.
 e - an amulet of faith
Scrolls
 f - a scroll of identify
Potions
 c - a potion of resistance {unknown}
 g - a potion of haste {unknown}
 h - a potion of attraction {unknown}
 i - a potion of enlightenment {unknown}
 j - a potion of curing

Dungeon Overview and Level Annotations

Branches:
Dungeon (3/15)

Altars:


Message History

The arrow hits the dart slug but does no damage.
The dart slug is almost dead.
You shoot an arrow. The arrow hits the dart slug.
You kill the dart slug!
You start resting.
HP restored.
You open the door.
There is an open door here.
Found 5 stones.
Found a stone staircase leading down.
c - a golden potion
e - an amulet of faith You open the door.
There is an open door here.
There is a stone staircase leading up here.
You enter the shallow water.
Moving in this stuff is going to be slow.
An ogre comes into view. It is wielding a +0 giant club.
1204 ||| UPGRADING to amulet of regeneration.
You start putting on your amulet.
You continue putting on your amulet of regeneration.
The ogre shouts!
You continue putting on your amulet of regeneration. x2
The frilled lizard hisses angrily.
You continue putting on your amulet of regeneration. x2
You finish putting on your amulet of regeneration.
The amulet throbs as it attunes itself to your uninjured body.
a - an amulet of regeneration (around neck)
You shoot an arrow. The arrow barely misses the ogre.
The frilled lizard bites you but does no damage.
You shoot an arrow. The arrow hits the ogre.
The ogre is lightly wounded.
The ogre hits you with a +0 giant club!!
Ouch! That really hurt!
The frilled lizard closely misses you.
You shoot an arrow. The arrow hits the ogre.
The ogre is moderately wounded.
The frilled lizard bites you but does no damage.
The ogre hits you with a +0 giant club!!
Ouch! That really hurt!
You die...

.~7~~7## #.# # 77~
7~P~~~P## ###'###
~~~7777~P~P~~~####....##
~~~~P~P~P~~~P~~...#....##
..................#....##
~~~~~~~P~P~~~P~.#.###..##
~~~~~P~~P~~~~7..#.# ##.#
P~~P~7POP~P~7..##.# ##.##
77~...l@7~7......###....
7~....####...#.#.....#..
7#....<# #%........%.##.
#.###.# #...##......##.
7.###.###...##.........
7P....#.....##.....###.
~~~~7#...#.######.....####
~~~~~......# #.....##..
~~~77.#.### ########..


You could see an ogre and a frilled lizard.

Vanquished Creatures
  4 adders (D:2)
  2 worms (D:2)
  3 dart slugs
  5 ball pythons
  6 bats
  6 endoplasms
  2 giant cockroaches
  2 goblins (D:1)
  3 hobgoblins
  A quokka (D:2)
  5 frilled lizards
  2 kobolds (D:1)
  9 rats
  A spectral hobgoblin (D:1)
51 creatures vanquished.

Notes
Turn   | Place    | Note
-------+----------+-------------------------------------------
     0 | D:1      | qw the Gargoyle Hunter began the quest for the Orb.
     0 | D:1      | Reached XP level 1. HP: 12/12 MP: 1/1
     0 | D:1      | 0 ||| qw: Version: 0.3-a-76-g4403597
     0 | D:1      | 0 ||| qw: Game counter: 218
     0 | D:1      | 0 ||| qw: Melee chars always use a shield: true
     0 | D:1      | 0 ||| qw: God list: Okawaru
     0 | D:1      | 0 ||| qw: Allow faded altars: false
     0 | D:1      | 0 ||| qw: Do Orc after clearing Dungeon:15 true
     0 | D:1      | 0 ||| qw: Do second Lair branch before Depths: true
     0 | D:1      | 0 ||| qw: Lair rune preference: random
     0 | D:1      | 0 ||| qw: Goals: Normal
     0 | D:1      | 0 ||| PLANNING D:1-11
     9 | D:1      | Noticed a centaur
    24 | D:1      | Found a faded altar of an unknown god.
    61 | D:1      | Reached XP level 2. HP: 14/17 MP: 2/2
   258 | D:1      | Reached XP level 3. HP: 21/21 MP: 3/3
   283 | D:1      | Reached skill level 5 in Ranged Weapons
   589 | D:1      | 589 ||| UPGRADING to +0 ring mail.
   599 | D:1      | 599 ||| DROPPING +0 leather armour.
   600 | D:1      | 600 ||| READING scroll labelled PEUVEZ UFUMPUKK.
   601 | D:1      | 601 ||| READING 2 scrolls labelled FUAWAKL KAUN.
   602 | D:1      | 602 ||| DROPPING scroll of butterflies.
   666 | D:2      | Reached skill level 1 in Armour
   678 | D:2      | Reached XP level 4. HP: 18/27 MP: 4/4
   812 | D:2      | Reached skill level 3 in Fighting
   872 | D:2      | Identified the ring "Xioczuku" {Will+ Int+3}
  1036 | D:2      | 1036 ||| UPGRADING to ring "Xioczuku" {Will+ Int+3}.
  1037 | D:2      | 1037 ||| READING scroll labelled MOYN FOCVIPOCURGH.
  1038 | D:2      | 1038 ||| DRINKING 2 metallic grey potions.
  1203 | D:3      | Noticed an ogre
  1204 | D:3      | 1204 ||| UPGRADING to amulet of regeneration.
  1210 | D:3      | HP: 4/28 [ogre/+0 giant club (24)]
  1211 | D:3      | Demolished by an ogre

Levels and vault maps discovered:
D:1:      evilmike_arrival_come_back, layout_basic,
          dreamdust_ecumenical_altar_drowned_temple
D:2:      layout_rooms, st_stairs_9, chequers_serial_rivers_room_a,
          minmay_domino_4
D:3:      layout_basic, nicolae_wu_jian_wuxing_cycle,
          nzn_hepliaklqana_mist_gate, vehumet_crystals, grunt_ministairs_15,
          serial_bayou_lagoon_b, uniq_terence

Skill      XL: |  1  2  3  4 |
---------------+-------------+-----
Ranged Weapons | 5 |  5.2
Armour         | 1 |  1.4
Fighting       | 3 |  3.1
Dodging        | |  1.5
Stealth        | |  1.1

Action                     |  1- 3 |  4- 6 || total
---------------------------+-------+-------++-------
   Fire: Shortbow          |    98 |    55 ||   153
    Use: Scroll            |     2 |     1 ||     3
         Potion            |       |     1 ||     1
 Armour: Leather armour    |     8 |       ||     8
         Ring mail         |    31 |    18 ||    49
  Dodge: Dodged            |    24 |    11 ||    35

Table legend:
 A = Non-vault XP
 B = Vault XP
 C = Vault XP percentage of total XP
 D = Non-vault monster count
 E = Vault monster count
 F = Vault count percentage of total count
                 A         B        C        D         E       F
            +---------+---------+-------+---------+---------+-------
      Total |     133 |       5 |   3.6 |      47 |       4 |   7.8
            +---------+---------+-------+---------+---------+-------
        D:1 |      43 |       1 |   2.3 |      25 |       1 |   3.8
        D:2 |      81 |       4 |   4.7 |      18 |       3 |  14.3
        D:3 |       9 |       0 |   0.0 |       4 |       0 |   0.0
            +---------+---------+-------+---------+---------+-------
